 Dungeon Crawl Stone Soup version 0.17-a0-1651-gae1a69f (webtiles) character file.

457 Grimwulf the Sneak (level 6, -2/41 HPs)
             Began as a Vampire Enchanter on Aug 15, 2015.
             Killed by triggering an arrow trap (10 damage)
             ... in an ossuary.
             The game lasted 00:34:48 (3337 turns).

Grimwulf the Sneak (Vampire Enchanter)              Turns: 3337, Time: 00:34:48

Health: -2/41      AC:  5    Str:  9    XL:     6   Next: 77%
Magic:  2/9        EV: 14    Int: 19    God:
Gold:   249        SH:  0    Dex: 15    Spells: 3 memorised, 1 level left

rFire  . . .     SeeInvis +     a - +1 dagger
rCold  + + .     Clarity  .     b - +1 robe
rNeg   + + +     SustAt   .     (no shield)
rPois  ∞         Gourm    .     (no helmet)
rElec  .         Spirit   .     (no cloak)
rCorr  .         Warding  .     j - +1 pair of gloves
rMut   .         Stasis   .     (no boots)
MR     .....                    (no amulet)
Stlth  +++++.....               (no ring)
                                n - +2 ring of strength

@: bloodless, non-regenerating, not resistant to hostile enchantments, quite
stealthy
A: fangs 3, see invisible, unbreathing
a: Bat Form


You were in an ossuary.
You were bloodless.

You visited 1 branch of the dungeon, and saw 4 of its levels.
You also visited: Ossuary.

You collected 249 gold pieces.

Inventory:

Hand weapons
 a - a +1 dagger (weapon)
Missiles
 g - 8 javelins (quivered)
Armour
 b - a +1 robe (worn)
 j - a +1 pair of gloves (worn)
Jewellery
 n - a +2 ring of strength (left hand)
Magical devices
 d - a wand of digging (12)
Scrolls
 f - 2 scrolls of amnesia
 h - 2 scrolls of identify
 k - a scroll of noise {unknown}
 p - a scroll of remove curse
 q - 2 scrolls of random uselessness {unknown}
Potions
 e - 2 potions of heal wounds {unknown}
 i - a potion of might
 l - a potion of degeneration {unknown}
 m - a potion of haste {unknown}
Books
 c - a book of Maledictions

   Spells                             Type                      Level
   a - Corona                         Hexes                        1
   b - Ensorcelled Hibernation        Hexes/Ice                    2
   c - Confuse                        Hexes                        3
   d - Tukima's Dance                 Hexes                        3
   e - Dazzling Spray                 Conjuration/Hexes            3
 o - a book of Ice

   Spells                             Type                      Level
   a - Ice Form                       Ice/Transmutation            4
   b - Metabolic Englaciation         Hexes/Ice                    5
   c - Ozocubu's Refrigeration        Ice                          6
   d - Bolt of Cold                   Conjuration/Ice              6
   e - Freezing Cloud                 Conjuration/Ice/Air          6
   f - Simulacrum                     Ice/Necromancy               6


   Skills:
 + Level 2.9 Short Blades
 + Level 3.7 Dodging
 * Level 7.9 Stealth
 - Level 2.0 Spellcasting
 * Level 7.5 Hexes


You had one spell level left.
You knew the following spells:

 Your Spells              Type           Power        Failure   Level  Hunger
a - Confuse               Hex            ####....     1%          3    ###....
b - Ensorcelled Hibernat  Hex/Ice        ###...       8%          2    ###....
c - Tukima's Dance        Hex            ####....     1%          3    ###....


Dungeon Overview and Level Annotations

Branches:
Dungeon (4/15)
 Temple: D:4-7

Altars:
Gozag
Nemelex Xobeh


Innate Abilities, Weirdness & Mutations

You do not heal naturally.
You are immune to poison.
You have razor-sharp teeth.
You have supernaturally acute eyesight.
You can survive without breathing.


Message History

You found a needle trap!
Found a glowing red potion and 2 murky purple potions.
Casting: Confuse
Confirm with . or Enter, or press ? or * to list all spells.
Aiming: Confuse
Press: ? - help, Shift-Dir - straight line, f - mummy
Aim: a mummy (chance to defeat MR: 59%)
The mummy resists with significant effort.
Casting: Confuse
Confirm with . or Enter, or press ? or * to list all spells.
Aiming: Confuse
Press: ? - help, Shift-Dir - straight line, f/p - mummy
Aim: a mummy (chance to defeat MR: 59%)
The mummy appears confused.
You strike the helpless mummy from behind!
You impale the mummy!!
You destroy the mummy!
You found an arrow trap!
An arrow shoots out and hits you!
You die...

.................#..#
....................#
....................#
.............##.....#
.............##.....#
....................#
....................#
...#####........^####
................@+!!#
.....∩..........^#!!#
#####################


There were no monsters in sight!

Vanquished Creatures
  Sigmund (D:2)
  An elf zombie (Ossuary)
  A human zombie (Ossuary)
  Terence (D:2)
  A big kobold zombie (Ossuary)
  4 mummies (Ossuary)
  3 adders
  A gnoll (D:1)
  3 oozes
  A worm (D:2)
  2 giant geckos
  4 orcs (D:3)
  3 giant cockroaches
  A gnoll zombie (Ossuary)
  6 goblins
  6 hobgoblins
  6 bats
  2 hobgoblin zombies
  5 jackals
  A jackal zombie (Ossuary)
  6 kobolds
  2 kobold zombies (Ossuary)
  An orc zombie (Ossuary)
  A quokka (D:3)
  7 rats
  3 rat zombies (Ossuary)
73 creatures vanquished.

Vanquished Creatures (collateral kills)
  An orc (D:3)
  A hobgoblin (D:3)
2 creatures vanquished.

Grand Total: 75 creatures vanquished

Notes
Turn   | Place    | Note
--------------------------------------------------------------
     0 | D:1      | Grimwulf the Vampire Enchanter began the quest for the Orb.
     0 | D:1      | Reached XP level 1. HP: 13/13 MP: 3/3
   313 | D:1      | Reached skill level 5 in Hexes
   313 | D:1      | Reached XP level 2. HP: 11/19 MP: 5/5
   870 | D:1      | Reached skill level 5 in Stealth
   915 | D:1      | Reached XP level 3. HP: 24/24 MP: 6/6
  1377 | D:1      | Learned a level 2 spell: Ensorcelled Hibernation
  1383 | D:1      | Learned a level 3 spell: Tukima's Dance
  1759 | D:2      | Noticed Terence
  1759 | D:2      | Noticed Sigmund
  1798 | D:2      | Killed Sigmund
  1798 | D:2      | Reached skill level 6 in Stealth
  1798 | D:2      | Reached XP level 4. HP: 21/30 MP: 3/7
  1798 | D:2      | Reached XP level 5. HP: 24/35 MP: 3/8
  1815 | D:2      | Killed Terence
  1982 | D:2      | Learned a level 3 spell: Confuse
  2402 | D:3      | Reached skill level 7 in Stealth
  2470 | D:3      | Reached XP level 6. HP: 41/41 MP: 2/9
  2502 | D:3      | Found a sparkling altar of Nemelex Xobeh.
  2548 | D:3      | Found an opulent altar of Gozag.
  2995 | D:4      | Found a sand-covered staircase.
  3019 | Ossuary  | Entered an ossuary
  3337 | Ossuary  | Killed by triggering an arrow trap

Vault maps used:
D:1:      dpeg_arrival_rooms_a
D:2:      uniq_terence, uniq_sigmund
D:3:      nemelex_altar_shiori, grunt_gozag_breadcrumbs
D:4:      temple_doors_a, enter_ossuary_3, nicolae_dithmenos_shadow_blocks
Ossuary:  ossuary_minmay_tomb_2a

Action                   |  1- 3 |  4- 6 || total
-------------------------+-------+-------++-------
Melee: Dagger            |   109 |   151 ||   260
Throw: Javelin           |       |    26 ||    26
 Cast: Corona            |     9 |       ||     9
       Ensorcelled Hiber |     3 |    10 ||    13
       Tukima's Dance    |     1 |     4 ||     5
       Confuse           |       |    12 ||    12
  Use: Scroll            |       |     6 ||     6
 Stab: Sleeping          |    13 |    16 ||    29
       Distracted        |       |     1 ||     1
       Confused          |       |     3 ||     3
